 Dungeon Sprint DCSS version 0.21-a0-59-g7b0e191 (webtiles) character file.

11500000 Kidiri the Intangible (level 27, -56/323 HPs)
             Began as a Troll Warper on June 16, 2017.
             Was the Champion of Makhleb.
             Killed from afar by a scourge (69 damage)
             ... with a poison arrow
             ... in the Dungeon (Sprint VIII: "Arena of Blood").
             The game lasted 00:04:13 (115 turns).

Kidiri the Intangible (Troll Warper)                 Turns: 115, Time: 00:04:14

Health: -56/323    AC:  7    Str: 27    XL:     27
Magic:  30/53      EV: 31    Int:  9    God:    Makhleb [******]
Gold:   0          SH:  0    Dex: 18    Spells: 80/80 levels left

rFire    . . .     SeeInvis +   a - +∞ Axe of Woe
rCold    . . .     Gourm    +   (shield currently unavailable)
rNeg     . . .     Faith    .   b - +0 robe
rPois    .         Spirit   .   (helmet restricted)
rElec    .         Reflect  .   (no cloak)
rCorr    .         Harm     .   (gloves unavailable)
MR       ++...     NoTele   +   (boots unavailable)
Stlth    +++++++++.             (no amulet)
HPRegen  1.03/turn              l - ring of see invisible
MPRegen  0.33/turn              (no ring)

@: lethally poisoned (-56 -> -90)
A: unfitting armour, claws 3, fast metabolism 3, gourmand, regeneration 1,
shaggy fur 1, tough skin 2
a: Minor Destruction, Lesser Servant of Makhleb, Major Destruction, Greater
Servant of Makhleb, Renounce Religion


You were in the Dungeon.
You worshipped Makhleb.
Makhleb was exalted by your worship.
You were not hungry.

You visited 1 branch

Inventory:

Hand Weapons
 a - the +∞ Axe of Woe (weapon)
   (You found it in the Dungeon)
Missiles
 e - 5 tomahawks of dispersal (quivered)
Armour
 b - a +0 robe (worn)
Jewellery
 l - a ring of see invisible (left claw)
Scrolls
 d - 2 scrolls of blinking
Potions
 h - a potion of heal wounds
 i - a potion of haste
 j - 2 potions of magic
 k - a potion of berserk rage
Books
 c - a book of Spatial Translocations

   Spells                             Type                      Level
   a - Blink                          Translocation                2
   b - Shroud of Golubria             Charms/Translocation         2
   c - Lesser Beckoning               Translocation                3
   d - Gell's Gravitas                Translocation                3
   e - Teleport Other                 Translocation                3
   f - Passage of Golubria            Translocation                4
Comestibles
 f - 2 bread rations


   Skills:
 O Level 27 Fighting
 O Level 27 Axes
 O Level 27 Throwing
 O Level 27 Armour
 O Level 27 Dodging
 O Level 27 Stealth
 O Level 27 Unarmed Combat
 O Level 27 Spellcasting
   Level 2.1 Translocations
 O Level 27 Invocations


You had 80 spell levels left.
You didn't know any spells.

Dungeon Overview and Level Annotations

Branches:
Dungeon (1/1)

Altars:
Makhleb


Innate Abilities, Weirdness & Mutations

You are too large for most types of armour.
You have claws for hands.
Your metabolism is lightning-fast.
You like to eat raw meat.
Your natural rate of healing is unusually fast.
You are covered in fur. (AC +1)
You have very tough skin. (AC +2)


Message History

You are poisoned.
* * * LOW HITPOINT WARNING * * *
You are engulfed in poison gas.
You are more poisoned.
* * * LOW HITPOINT WARNING * * *
You feel very sick.
The tyrant waves its bony arms in wide circles.
The air twists around and strikes you!
* * * LOW HITPOINT WARNING * * *
You hear a shout!
The scourge throws poison arrow at you. The poison arrow misses you.
You hear a shout! x3
The dread calls on the powers of darkness!
The bag of meat convulses!
Your body is wracked with pain!
* * * LOW HITPOINT WARNING * * *
The scourge throws poison arrow at you. The poison arrow hits you!
You are lethally poisoned!
You die...

######### ####§§§.)...
####.))§§)..)))
####..XMW.)..)##)#
####...X.X..XXX.)))).
####......X)L####.)S).##
#......§§§o.#S.X.X.SM)))
#......@§§§§§#X.XX...)))
#.o...§§§§...#....%..)))
#......§###...#.......))
#.....### ...S.#....%.).
#...o# ............))
#.... .....o.....). #...
.......#..). #.L.
....#.))) ..%###.))§


You could see an accursed, a tentacled monstrosity, 2 tyrants, 2 scourges, 3
large abominations, a dread and 3 bags of meat.

Vanquished Creatures
  6 hell beasts (D)
  A greater mummy (D)
  3 great orbs of eyes (D)
  5 wraiths (D)
  11 vampire knights (D)
  23 ogres (D)
  6 two-headed ogres (D)
  4 liches (D)
  A hydra (D)
  61 orcs (D)
  3 phantoms (D)
  7 skeletal warriors (D)
  5 large abominations (D)
  6 small abominations (D)
  3 crawling corpses (D)
145 creatures vanquished.

Vanquished Creatures (others)
  A two-headed ogre (D)
  4 orcs (D)
5 creatures vanquished.

Grand Total: 150 creatures vanquished

Notes
Turn   | Place    | Note
-------+----------+-------------------------------------------
     0 | D        | Kidiri the Troll Warper began the quest for the Orb.
     0 | D        | Reached XP level 1. HP: 19/19 MP: 1/1
     3 | D        | Noticed a bag of meat
     3 | D        | Noticed a bag of meat
     3 | D        | Noticed a bag of meat
     4 | D        | Noticed a bag of meat
     5 | D        | Noticed a bag of meat
     5 | D        | Noticed a bag of meat
     5 | D        | Became a worshipper of Makhleb the Destroyer
     7 | D        | Noticed a bag of meat
     7 | D        | Noticed a bag of meat
     7 | D        | Noticed a bag of meat
     9 | D        | Noticed a bag of meat
     9 | D        | Killed a bag of meat
     9 | D        | Reached XP level 2. HP: 49/49 MP: 1/11
     9 | D        | Reached XP level 3. HP: 57/57 MP: 1/13
     9 | D        | Reached XP level 4. HP: 66/66 MP: 1/14
     9 | D        | Reached XP level 5. HP: 74/74 MP: 1/16
     9 | D        | Reached XP level 6. HP: 83/83 MP: 1/17
     9 | D        | Reached XP level 7. HP: 91/91 MP: 1/19
     9 | D        | Reached XP level 8. HP: 98/98 MP: 1/20
     9 | D        | Reached XP level 9. HP: 106/106 MP: 1/21
     9 | D        | Reached XP level 10. HP: 115/115 MP: 1/22
     9 | D        | Reached XP level 11. HP: 123/123 MP: 1/23
     9 | D        | Killed a bag of meat
     9 | D        | Reached * piety under Makhleb
     9 | D        | Reached skill level 10 in Axes
     9 | D        | Reached skill level 10 in Armour
     9 | D        | Reached skill level 10 in Spellcasting
     9 | D        | Reached XP level 12. HP: 137/137 MP: 1/25
     9 | D        | Killed a bag of meat
     9 | D        | Reached XP level 13. HP: 148/148 MP: 1/27
    10 | D        | Noticed a bag of meat
    10 | D        | Noticed a meat berserker
    10 | D        | Killed a bag of meat
    10 | D        | Reached skill level 15 in Fighting
    10 | D        | Reached skill level 15 in Dodging
    10 | D        | Reached XP level 14. HP: 161/161 MP: 1/29
    10 | D        | Noticed a bag of meat
    11 | D        | Noticed a bag of meat
    11 | D        | Noticed a meat berserker
    11 | D        | Killed a bag of meat
    11 | D        | Reached ** piety under Makhleb
    11 | D        | Killed a bag of meat
    11 | D        | Reached skill level 10 in Stealth
    11 | D        | Reached XP level 15. HP: 174/174 MP: 1/32
    12 | D        | Noticed a large bag of meat
    12 | D        | Noticed a meat berserker
    12 | D        | Reached *** piety under Makhleb
    12 | D        | Reached skill level 15 in Spellcasting
    12 | D        | Killed a meat berserker
    12 | D        | Reached skill level 15 in Axes
    12 | D        | Reached XP level 16. HP: 192/192 MP: 1/35
    13 | D        | Reached skill level 15 in Armour
    14 | D        | Killed a meat berserker
    14 | D        | Reached **** piety under Makhleb
    14 | D        | Reached XP level 17. HP: 119/208 MP: 2/37
    15 | D        | Noticed a meat berserker
    15 | D        | Killed a meat berserker
    15 | D        | Reached XP level 18. HP: 222/222 MP: 2/39
    16 | D        | Reached ***** piety under Makhleb
    18 | D        | Killed a large bag of meat
    18 | D        | Reached skill level 15 in Stealth
    18 | D        | Reached XP level 19. HP: 239/239 MP: 3/42
    19 | D        | Noticed a meat berserker
    19 | D        | Noticed a meat berserker
    19 | D        | Killed a meat berserker
    19 | D        | Reached ****** piety under Makhleb
    19 | D        | Reached skill level 27 in Fighting
    19 | D        | Reached skill level 27 in Dodging
    19 | D        | Reached XP level 20. HP: 256/256 MP: 4/45
    20 | D        | Noticed a large bag of meat
    21 | D        | Noticed a destroyer
    21 | D        | Noticed a destroyer
    22 | D        | Killed a meat berserker
    22 | D        | Reached XP level 21. HP: 265/265 MP: 4/48
    23 | D        | Killed a destroyer
    23 | D        | Reached skill level 27 in Spellcasting
    23 | D        | Reached XP level 22. HP: 275/275 MP: 5/52
    25 | D        | Reached skill level 27 in Axes
    25 | D        | Reached skill level 27 in Armour
    27 | D        | Noticed a large bag of meat
    28 | D        | Noticed a large bag of meat
    29 | D        | Killed a large bag of meat
    29 | D        | Reached skill level 27 in Stealth
    29 | D        | Reached XP level 23. HP: 164/284 MP: 6/53
    29 | D        | Reached skill level 15 in Throwing
    29 | D        | Reached skill level 15 in Invocations
    30 | D        | Noticed a destroyer
    31 | D        | Noticed a destroyer
    32 | D        | Noticed a destroyer
    33 | D        | Reached XP level 24. HP: 295/295 MP: 8/53
    35 | D        | Killed a destroyer
    35 | D        | Killed a large bag of meat
    35 | D        | Reached skill level 27 in Unarmed Combat
    35 | D        | Killed a destroyer
    35 | D        | Reached skill level 27 in Throwing
    35 | D        | Reached skill level 27 in Invocations
    35 | D        | Reached XP level 25. HP: 304/304 MP: 8/53
    38 | D        | Killed a destroyer
    39 | D        | Noticed a destroyer
    39 | D        | Reached XP level 26. HP: 314/314 MP: 9/53
    42 | D        | Killed a destroyer
    43 | D        | Noticed a destroyer
    44 | D        | HP: 15/314 [large bag of meat/+9 giant spiked club (60)]
    45 | D        | Noticed a destroyer
    45 | D        | Killed a destroyer
    45 | D        | Reached XP level 27. HP: 74/323 MP: 11/53
    45 | D        | Killed a large bag of meat
    45 | D        | Killed a destroyer
    49 | D        | Noticed an accursed
    51 | D        | Noticed a tyrant
    53 | D        | Killed a destroyer
    57 | D        | Noticed a tyrant
    61 | D        | Noticed a dread
    63 | D        | Noticed a dread
    63 | D        | Killed a tyrant
    65 | D        | Noticed a destroyer
    66 | D        | Killed a tyrant
    66 | D        | Noticed a large bag of meat
    67 | D        | Noticed a tyrant
    67 | D        | Noticed a meat beast
    68 | D        | Noticed a destroyer
    68 | D        | Killed an accursed
    68 | D        | Killed a dread
    68 | D        | Killed a destroyer
    70 | D        | Noticed a dread
    71 | D        | Noticed a destroyer
    72 | D        | Noticed a meat beast
    72 | D        | Noticed a dread
    72 | D        | Killed a meat beast
    73 | D        | Noticed a large bag of meat
    73 | D        | Noticed a dread
    75 | D        | Killed a dread
    75 | D        | Killed a meat beast
    76 | D        | Killed a large bag of meat
    76 | D        | Killed a dread
    77 | D        | Killed a tyrant
    79 | D        | Killed a destroyer
    81 | D        | Noticed a meat beast
    81 | D        | Noticed a meat beast
    81 | D        | Killed a destroyer
    85 | D        | Killed a dread
    85 | D        | Killed a large bag of meat
    86 | D        | Noticed a large bag of meat
    86 | D        | Killed a meat beast
    86 | D        | Killed a meat beast
    89 | D        | Killed a dread
    92 | D        | Noticed an accursed
    92 | D        | Noticed a tyrant
    93 | D        | Noticed a meat beast
    93 | D        | Noticed a meat beast
    96 | D        | Killed a meat beast
    98 | D        | Killed a large bag of meat
    98 | D        | Killed a meat beast
   100 | D        | Noticed a tyrant
   100 | D        | Killed a tyrant
   103 | D        | Noticed an accursed
   105 | D        | Noticed a dread
   113 | D        | Noticed a dread
   114 | D        | Noticed a tyrant
   115 | D        | HP: 13/323 [??? (11)]
   115 | D        | Killed from afar by a scourge

Vault maps used:
D:        meatsprint

Skill      XL: |  1  2  3  4  5  6  7  8  9 10 11 12 13 14 15 16 17 18 19 20 21 22 23 24 |
---------------+-------------------------------------------------------------------------+-----
Fighting       | 12 13 14 15 17 20 21 23 25 27 | 27.0
Axes           | 8 10 11 13 15 16 17 19 21 23 26 27 | 27.0
Armour         | 8 10 11 12 14 16 17 19 21 23 26 27 | 27.0
Dodging        | 12 13 14 15 17 20 21 23 25 27 | 27.0
Stealth        | 6 7 8 9 10 12 13 14 15 17 18 21 27 | 27.0
Spellcasting   | 9 10 11 12 14 16 17 18 20 22 24 27 | 27.0
Throwing       | 8 22 27 | 27.0
Unarmed Combat | 9 23 27 | 27.0
Invocations    | 8 22 27 | 27.0
Translocations | |  2.1

Action                   |  1- 3 |  4- 6 |  7- 9 | 10-12 | 13-15 | 16-18 | 19-21 | 22-24 | 25-27 || total
-------------------------+-------+-------+-------+-------+-------+-------+-------+-------+-------++-------
Melee: Executioner's axe |     1 |       |       |       |     3 |     6 |     4 |     6 |    49 ||    69
  Use: Potion            |       |       |       |       |       |       |       |       |     1 ||     1
Armor: Robe              |       |       |       |       |       |       |       |       |     1 ||     1
Dodge: Dodged            |       |       |       |       |     1 |     1 |     1 |       |    13 ||    16
